 Dungeon Crawl Stone Soup version 0.31.0-9-g3a7656b989 (webtiles) character file.

Game seed: 14253810636544481809

1222 qw the Skirmisher (level 8, -2/45 HPs)
             Began as a Deep Elf Hunter on Feb 2, 2024.
             Was a Follower of Okawaru.
             Slain by a gnoll sergeant
             ... wielding a +0 spear
              (4 damage)
             ... on level 5 of the Dungeon.
             The game lasted 00:00:25 (3764 turns).

qw the Skirmisher (Deep Elf Hunter)                 Turns: 3764, Time: 00:00:25

Health: -2/45      AC:  8    Str: 10    XL:     8   Next: 23%
Magic:  10/10      EV: 12    Int: 15    God:    Okawaru [*.....]
Gold:   158        SH:  0    Dex: 18    Spells: 7/7 levels left

rFire   . . .        a - +0 shortbow
rCold   . . .        (shield currently unavailable)
rNeg    . . .        l - +0 ring mail
rPois   .            c - +0 helmet
rElec   .            (no cloak)
rCorr   .            (no gloves)
SInv    .            d - +1 pair of boots
Will    .....        (no amulet)
Stlth   +            (no ring)
HPRegen 0.27/turn    (no ring)
MPRegen 0.12/turn

%: no passive effects
@: no status effects
A: no striking features
a: Renounce Religion, Heroism


You were on level 5 of the Dungeon.
You worshipped Okawaru.
Okawaru was aware of your devotion.
You visited 2 branches of the dungeon, and saw 6 of its levels.
You also visited: Ossuary.

You collected 158 gold pieces.


   Skills:
 + Level 2.9 Fighting
 - Level 12.3 Ranged Weapons
 - Level 1.0 Armour
 - Level 4.7 Dodging
 - Level 1.2 Stealth
 + Level 0.1 Invocations


You had 7 spell levels left.
You didn't know any spells.
Your spell library was empty.

Inventory:

Hand Weapons
 a - a +0 shortbow (weapon)
Armour
 c - a +0 helmet (worn)
 d - a +1 pair of boots (worn)
 l - a +0 ring mail (worn)
Wands
 f - a wand of flame (19)
Potions
 e - 3 potions of curing
 g - a potion of enlightenment
 h - a potion of brilliance {unknown}
 i - a potion of haste {unknown}
 j - a potion of magic {unknown}

Dungeon Overview and Level Annotations

Branches:
Dungeon (5/15)             Temple (1/1) D:4         Ossuary (visited)

Altars:
Ashenzari
Cheibriados
Elyvilon
Gozag
Hepliaklqana
Kikubaaqudgha
Makhleb
Nemelex Xobeh
Okawaru
Qazlal
Sif Muna
Uskayaw
Xom
Yredelemnul
Zin
The Shining One

Shops:
D:1 :=   D:2 (

Annotations:
D:4 1 runed translucent door, Crazy Yiuf
D:5 Ijyb


Message History

The gnoll is severely wounded.
The gnoll sergeant hits you from afar with a +0 spear.
The gnoll barely misses you.
You shoot an arrow. The arrow hits the gnoll.
You kill the gnoll!
Okawaru accepts your kill.
You can now gain great but temporary skills.
The gnoll sergeant hits you but does no damage.
You shoot an arrow. The arrow barely misses the white imp.
The gnoll sergeant hits you from afar with a +0 spear!
The white imp hits you but does no damage.
You shoot an arrow. The arrow closely misses the white imp.
The gnoll sergeant hits you from afar with a +0 spear.
The white imp gestures at you. The puff of frost hits you.
You shoot an arrow. The arrow hits the white imp.
You kill the white imp!
Okawaru accepts your kill. The gnoll sergeant closely misses you.
You shoot an arrow.
The arrow barely misses the gnoll sergeant.
The gnoll sergeant hits you but does no damage.
You shoot an arrow. The arrow hits the gnoll sergeant.
The gnoll sergeant is moderately wounded.
The gnoll sergeant hits you from afar with a +0 spear!
You shoot an arrow.
The arrow hits the gnoll sergeant but does no damage.
The gnoll sergeant is moderately wounded.
The gnoll sergeant barely misses you.
You shoot an arrow. The arrow hits the gnoll sergeant.
The gnoll sergeant is moderately wounded.
The gnoll sergeant hits you from afar with a +0 spear.
You shoot an arrow.
The arrow closely misses the gnoll sergeant.
The gnoll sergeant hits you from afar with a +0 spear.
You shoot an arrow.
The arrow hits the gnoll sergeant but does no damage.
The gnoll sergeant is moderately wounded.
The gnoll sergeant hits you from afar with a +0 spear.
You die...

#.........# #.# #...(.>...#
#.# ##...%.....# #.#
###.F........###.###
##.F.###)#####......## .#
#..#####.# ##........# .
#..####...# #..........
#...# #..### #.......... #
#..# #@## #..(..)....
..#..#####)######..........
.........g...).............
.......(.#................#
.........#.######.........<
...........# ##...........
...........####.....)......
....#####....##....<)......
... #.....................


You could see a gnoll sergeant.

Vanquished Creatures
  Grinder (D:4)
  Prince Ribbit (D:5)
  Sigmund (D:4)
  An ogre (D:5)
  2 weeping skulls (Ossuary)
  A human zombie (Ossuary)
  A hound (D:4)
  A jelly (D:5)
  2 orc priests (D:4)
  A gnoll bouda (D:4)
  Jessica (D:3)
  An iguana (D:4)
  2 mummies (Ossuary)
  11 gnolls
  3 adders
  A white imp (D:5)
  2 dart slugs (D:2)
  2 ribbon worms
  6 orcs
  A bat (D:2)
  9 endoplasms
  2 giant cockroaches
  3 gnoll zombies (Ossuary)
  4 goblins
  8 hobgoblins
  2 kobolds
  3 quokkas
  4 ball pythons (D:2)
  2 frilled lizards (D:2)
  3 kobold zombies (Ossuary)
  An orc zombie (Ossuary)
  4 rats
87 creatures vanquished.

Notes
Turn   | Place    | Note
-------+----------+-------------------------------------------
     0 | D:1      | qw the Deep Elf Hunter began the quest for the Orb.
     0 | D:1      | Reached XP level 1. HP: 12/12 MP: 3/3
     0 | D:1      | 0 ||| qw: Version: 0.3-a-155-g5e7d8dd
     0 | D:1      | 0 ||| qw: Game counter: 2033
     0 | D:1      | 0 ||| qw: Melee chars always use a shield: true
     0 | D:1      | 0 ||| qw: God list: Okawaru
     0 | D:1      | 0 ||| qw: Allow faded altars: false
     0 | D:1      | 0 ||| qw: Do Orc after clearing Dungeon:15 true
     0 | D:1      | 0 ||| qw: Do second Lair branch before Depths: true
     0 | D:1      | 0 ||| qw: Lair rune preference: random
     0 | D:1      | 0 ||| qw: Goals: Normal
     0 | D:1      | 0 ||| PLANNING D:1-11
    63 | D:1      | Found Uptel's Jewellery Shop.
    73 | D:1      | 73 ||| SHOPLISTING +4 ring of slaying (858 gold, have 7).
    73 | D:1      | 73 ||| SHOPLISTING +6 ring of strength (396 gold, have 7).
    73 | D:1      | 73 ||| SHOPLISTING amulet of faith (440 gold, have 7).
    73 | D:1      | 73 ||| SHOPLISTING ring "Guid" {+Blink Fly MP+9 Int+3
                  | Stlth+} (497 gold, have 7).
    73 | D:1      | 73 ||| SHOPLISTING ring of resist corrosion (220 gold, have
                  | 7).
    73 | D:1      | 73 ||| SHOPLISTING ring of willpower (275 gold, have 7).
   121 | D:1      | Found Odimazak's Book Boutique.
   496 | D:1      | 496 ||| READING scroll labelled ECAR XUZIRR.
   497 | D:1      | 497 ||| READING scroll labelled WUSACHIMADGH.
   501 | D:1      | 501 ||| READING scroll labelled CILEIN ODWOTO.
   501 | D:1      | 501 ||| IDENTIFYING orange potion
   502 | D:1      | 502 ||| DROPPING scroll of butterflies.
   503 | D:1      | 503 ||| DROPPING potion of attraction.
   534 | D:2      | Found a faded altar of an unknown god.
   552 | D:2      | Reached skill level 6 in Ranged Weapons
   552 | D:2      | Reached XP level 2. HP: 16/16 MP: 4/4
   697 | D:2      | Reached XP level 3. HP: 20/20 MP: 5/5
   855 | D:2      | Found Xuulokh's Weapon Shop.
   926 | D:2      | Found a glowing silver altar of Zin.
   934 | D:2      | 934 ||| READING scroll labelled OGRELI UTAF.
   988 | D:3      | Found a basalt altar of Yredelemnul.
  1011 | D:3      | Reached skill level 7 in Ranged Weapons
  1231 | D:3      | Noticed Jessica
  1233 | D:3      | Killed Jessica
  1234 | D:3      | Reached XP level 4. HP: 25/25 MP: 6/6
  1429 | D:3      | 1429 ||| UPGRADING to +0 pair of boots.
  1434 | D:3      | 1434 ||| UPGRADING to +0 ring mail.
  1444 | D:3      | 1444 ||| DROPPING +0 leather armour.
  1445 | D:3      | 1445 ||| READING scroll labelled FIEFAODURU.
  1446 | D:3      | 1446 ||| READING scroll labelled BAGUON LYIGU.
  1447 | D:3      | 1447 ||| READING scroll labelled XUTICV FEATOTA.
  1461 | D:4      | 1461 ||| PLANNING OSSUARY
  1464 | D:4      | 1464 ||| STAIRDANCE
  1468 | D:4      | HP: 6/25 [gnoll bouda/+0 club (7)]
  1469 | D:4      | 1469 ||| READING scroll of teleportation.
  1582 | D:4      | Reached skill level 8 in Ranged Weapons
  1614 | D:4      | Reached XP level 5. HP: 11/29 MP: 7/7
  1800 | D:4      | Reached skill level 9 in Ranged Weapons
  1948 | D:4      | Found a sand-covered staircase.
  1949 | D:4      | 1949 ||| READING scroll labelled HUISIG LIOTAKK.
  2002 | D:4      | 2002 ||| READING scroll labelled QINNID XYUTURPH.
  2003 | D:4      | 2003 ||| DRINKING 2 clear potions.
  2004 | D:4      | 2004 ||| DRINKING 2 inky potions.
  2005 | D:4      | 2005 ||| DROPPING potion of degeneration.
  2014 | Ossuary  | Entered an ossuary
  2065 | Ossuary  | Reached XP level 6. HP: 15/36 MP: 8/8
  2332 | Ossuary  | HP: 9/36 [human zombie (3)]
  2333 | Ossuary  | 2333 ||| READING scroll of teleportation.
  2360 | Ossuary  | HP: 7/36 [human zombie (5)]
  2534 | Ossuary  | 2534 ||| READING scroll labelled RESHUG MIUFE.
  2535 | Ossuary  | 2535 ||| READING scroll labelled UDOEME FISUOSY.
  2636 | Ossuary  | 2636 ||| READING scroll labelled ALAMMIR TUKLU.
  2636 | Ossuary  | 2636 ||| ENCHANTING +0 pair of boots.
  2637 | Ossuary  | 2637 ||| DRINKING 5 green potions.
  2652 | D:4      | 2652 ||| PLANNING D:1-11
  2678 | D:4      | Noticed Grinder
  2679 | D:4      | 2679 ||| PLANNING TEMPLE
  2683 | D:4      | HP: 9/36 [Grinder (2)]
  2683 | D:4      | HP: 4/36 [Grinder/puff of flame (5)]
  2684 | D:4      | 2684 ||| DRINKING 4 potions of heal wounds.
  2687 | D:4      | Paralysed by Grinder for 2 turns
  2689 | D:4      | HP: 9/36 [Grinder (1)]
  2690 | D:4      | 2690 ||| DRINKING 3 potions of heal wounds.
  2699 | D:4      | Paralysed by Grinder for 4 turns
  2707 | D:4      | Paralysed by Grinder for 4 turns
  2711 | D:4      | Killed Grinder
  2712 | D:4      | Reached skill level 10 in Ranged Weapons
  2712 | D:4      | Reached XP level 7. HP: 12/40 MP: 9/9
  2831 | D:4      | Noticed Sigmund
  2833 | D:4      | 2833 ||| RETREEEEATING.
  2834 | D:4      | 2834 ||| RETREEEEATING.
  2835 | D:4      | 2835 ||| RETREEEEATING.
  2836 | D:4      | 2836 ||| RETREEEEATING.
  2837 | D:4      | 2837 ||| RETREEEEATING.
  2858 | D:4      | Killed Sigmund
  2977 | D:4      | Found a staircase to the Ecumenical Temple.
  2995 | Temple   | Entered the Ecumenical Temple
  2996 | Temple   | 2996 ||| PLANNING D:1-11
  3066 | D:4      | Found an iron altar of Okawaru.
  3067 | D:4      | 3067 ||| PLANNING OKAWARU WORSHIP
  3067 | D:4      | 3067 ||| READING scroll of identify.
  3067 | D:4      | 3067 ||| IDENTIFYING murky emerald potion
  3124 | D:4      | Found a stormy altar of Qazlal.
  3128 | D:4      | Became a worshipper of Warmaster Okawaru
  3129 | D:4      | 3129 ||| PLANNING D:1-11
  3140 | D:4      | Reached skill level 1 in Armour
  3154 | D:4      | Reached skill level 11 in Ranged Weapons
  3297 | D:4      | Found a runed translucent door.
  3298 | D:4      | Noticed Crazy Yiuf
  3469 | D:4      | 3469 ||| UPGRADING to +0 helmet.
  3503 | D:5      | Entered Level 5 of the Dungeon
  3512 | D:5      | 3512 ||| STAIRDANCE
  3658 | D:5      | Noticed Prince Ribbit
  3664 | D:5      | Noticed a yak
  3665 | D:5      | 3665 ||| RETREEEEATING.
  3666 | D:5      | HP: 5/40 [Prince Ribbit (10)]
  3667 | D:5      | 3667 ||| DRINKING 2 potions of heal wounds.
  3667 | D:5      | Noticed Ijyb
  3668 | D:5      | 3668 ||| RETREEEEATING.
  3669 | D:5      | 3669 ||| FLEEEEING.
  3670 | D:5      | 3670 ||| RETREEEEATING.
  3671 | D:5      | 3671 ||| RETREEEEATING.
  3672 | D:5      | 3672 ||| FLEEEEING.
  3673 | D:5      | 3673 ||| RETREEEEATING.
  3674 | D:5      | 3674 ||| RETREEEEATING.
  3675 | D:5      | 3675 ||| RETREEEEATING.
  3677 | D:5      | HP: 8/40 [ogre/+0 giant club (14)]
  3678 | D:5      | 3678 ||| DRINKING potion of heal wounds.
  3681 | D:5      | Reached XP level 8. HP: 35/45 MP: 10/10
  3689 | D:5      | Killed Prince Ribbit
  3690 | D:5      | Reached skill level 12 in Ranged Weapons
  3735 | D:5      | 3735 ||| RETREEEEATING.
  3737 | D:5      | 3737 ||| RETREEEEATING.
  3738 | D:5      | 3738 ||| RETREEEEATING.
  3740 | D:5      | 3740 ||| RETREEEEATING.
  3741 | D:5      | 3741 ||| RETREEEEATING.
  3742 | D:5      | 3742 ||| RETREEEEATING.
  3744 | D:5      | 3744 ||| RETREEEEATING.
  3745 | D:5      | 3745 ||| RETREEEEATING.
  3755 | D:5      | Reached * piety under Okawaru
  3760 | D:5      | HP: 11/45 [gnoll sergeant/+0 spear (7)]
  3763 | D:5      | HP: 1/45 [gnoll sergeant/+0 spear (5)]
  3764 | D:5      | Slain by a gnoll sergeant

Levels and vault maps discovered:
D:1:      dpeg_arrival_round_b, layout_basic, serial_shops,
          nicolae_shop_getting_attention, nicolae_shop_advertising_works
          [nicolae_subvault_shop_adworks]
D:2:      layout_basic, serial_shops, nicolae_shop_tiny_glass, basic_altar,
          chequers_ecumenical_altar_simple_redux, nrook_campfire
D:3:      layout_basic, mainiacjoe_overflow_tiny_flanked, uniq_jessica
D:4:      layout_loops_ring, chequers_temple_overflow_statue_of_worship,
          minmay_temple_entry_poolview, mainiacjoe_ossuary_entry_dusty_tomb,
          uniq_sigmund, uniq_grinder, uniq_crazy_yiuf_cottage
D:5:      layout_rooms, serial_glass, glass_columns_b, glass_columns_a,
          uniq_ijyb, uniq_prince_ribbit1
Temple:   oiseaux_autumnal_temple

Skill      XL: |  1  2  3  4  5  6  7  8 |
---------------+-------------------------+-----
Ranged Weapons | 6 7 8 9 10 11 12 | 12.3
Fighting       | 2 |  2.9
Dodging        | 4 |  4.7
Armour         | 1 |  1.0
Stealth        | |  1.2
Invocations    | |  0.1

Action                     |  1- 3 |  4- 6 |  7- 9 || total
---------------------------+-------+-------+-------++-------
   Fire: Shortbow          |    84 |   174 |   132 ||   390
    Use: Scroll            |     4 |    10 |     1 ||    15
         Potion            |       |     5 |     2 ||     7
 Armour: Leather armour    |     8 |       |       ||     8
         Ring mail         |       |    79 |    56 ||   135
  Dodge: Dodged            |    15 |    37 |    43 ||    95

Table legend:
 A = Non-vault XP
 B = Vault XP
 C = Vault XP percentage of total XP
 D = Non-vault monster count
 E = Vault monster count
 F = Vault count percentage of total count
                 A         B        C        D         E       F
            +---------+---------+-------+---------+---------+-------
      Total |     665 |    1082 |  61.9 |      71 |      16 |  18.4
            +---------+---------+-------+---------+---------+-------
        D:1 |       8 |       0 |   0.0 |       4 |       0 |   0.0
        D:2 |      50 |       0 |   0.0 |      22 |       0 |   0.0
        D:3 |      42 |      37 |  46.8 |      10 |       1 |   9.1
        D:4 |     344 |     495 |  59.0 |      26 |       2 |   7.1
        D:5 |     221 |     259 |  54.0 |       9 |       1 |  10.0
    Ossuary |       0 |     291 | 100.0 |       0 |      12 | 100.0
            +---------+---------+-------+---------+---------+-------
